 Dungeon Crawl Stone Soup version 0.26-a0-708-g17f3b190f9 (webtiles) character file.

Game seed: 6708374068751917520

212159 robertstho the Executioner (level 18, -1/178 HPs)
             Began as a Minotaur Berserker on Oct 27, 2020.
             Was the Champion of Trog.
             Blown up by an orb spider (49 damage)
             ... with an orb of destruction
             ... on level 2 of the Spider Nest on Oct 28, 2020.
             The game lasted 01:03:11 (37000 turns).

robertstho the Executioner (Minotaur Berserker)    Turns: 37000, Time: 01:03:12

Health: -1/178     AC: 33    Str: 25    XL:     18   Next: 61%
Magic:  17/17      EV: 15    Int:  7    God:    Trog [******]
Gold:   2096       SH:  5    Dex: 14    Spells: 17/17 levels left

rFire    . . .     SeeInvis +   Q - +1 battleaxe of Trog's Brutal Revenge {flame, rPois rC+}
rCold    + + .     Faith    .   (shield currently unavailable)
rNeg     . . .     Spirit   .   S - +7 plate armour "Guute" {rCorr Dex+3}
rPois    +         Reflect  +   (helmet restricted)
rElec    .         Harm     .   T - +2 cloak
rCorr    +         Rampage  .   K - +1 pair of gloves
MR       +....                  E - +0 pair of boots
Stlth    ..........             F - amulet of reflection
HPRegen  0.39/turn              g - ring of see invisible
MPRegen  0.15/turn              G - ring of Teleid Fouch {+Fly rPois rC+ Str-3 Int+2}

@: berserk cooldown, slowed, very slow
A: retaliatory headbutt, horns 2
a: Berserk, Trog's Hand, Brothers in Arms, Renounce Religion, Evoke Flight


You were on level 2 of the Spider Nest.
You worshipped Trog.
Trog was exalted by your worship.
You visited 5 branches of the dungeon, and saw 28 of its levels.
You visited the Abyss 1 time.
You also visited: Bailey and Ice Cave.

You collected 4397 gold pieces.
You spent 2301 gold pieces at shops.

Inventory:

Hand Weapons
 f - the +10 battleaxe of the Scroll {vorpal, Stlth+}
   (Trog gifted it to you in a bailey)

   It inflicts extra damage upon your enemies.
   It makes you more stealthy.
 Q - the +1 battleaxe of Trog's Brutal Revenge (weapon) {flame, rPois rC+}
   (Trog gifted it to you on level 2 of the Orcish Mines)

   It has been specially enchanted to burn those struck by it, causing extra
   injury to most foes and up to half again as much damage against particularly
   susceptible opponents.
   Big, fiery blades are also staple armaments of hydra-hunters.
   It protects you from cold.
   It protects you from poison.
Armour
 q - the +10 plate armour of a Gauntlet {Rampage rN+++ MR- Str-2}
   (You bought it in a shop on level 12 of the Dungeon)

   It affects your strength (-2).
   It renders you almost immune to negative energy.
   It affects your resistance to hostile enchantments.
   It bestows one free step when moving towards enemies.
 E - a +0 pair of boots (worn)
 K - a +1 pair of gloves (worn)
 L - a +3 ring mail of fire resistance
 S - the +7 plate armour "Guute" (worn) {rCorr Dex+3}
   (You found it in an ice cave)

   It affects your dexterity (+3).
   It provides partial protection from all sources of acid and corrosion.
 T - a +2 cloak (worn)
Jewellery
 g - a ring of see invisible (left hand)
 l - a +6 ring of strength
 p - an uncursed ring of protection from cold
 t - an uncursed ring of protection from fire
 w - an uncursed ring of ice
 y - an uncursed ring of poison resistance
 B - an uncursed ring of protection from fire
 D - an uncursed ring of positive energy
 F - an amulet of reflection (around neck)
 G - the ring of Teleid Fouch (right hand) {+Fly rPois rC+ Str-3 Int+2}
   (You found it on level 5 of the Lair of Beasts)

   [ring of flight]

   It affects your strength (-3).
   It affects your intelligence (+2).
   It protects you from cold.
   It protects you from poison.
   It lets you fly.
 H - the ring "Keplo" {rC+++ MP+9 Str-4 Int+6 Dex-5}
   (You found it on level 1 of the Lair of Beasts)

   [ring of intelligence]

   It affects your strength (-4).
   It affects your intelligence (+6).
   It affects your dexterity (-5).
   It renders you almost immune to cold.
   It affects your magic capacity (+9).
 I - the ring of Uppamn {+Inv MR+ Stlth+}
   (You found it on level 2 of the Spider Nest)

   [ring of protection from magic]

   It affects your resistance to hostile enchantments.
   It lets you turn invisible.
   It makes you more stealthy.
Wands
 n - a wand of digging (3)
 v - a wand of acid (15)
 Z - a wand of disintegration (3)
Scrolls
 c - 8 scrolls of identify
 d - 2 scrolls of magic mapping
 h - 15 scrolls of teleportation
 j - 11 scrolls of remove curse
 o - 2 scrolls of enchant armour
 r - 2 scrolls of summoning
 s - 2 scrolls of fog
 x - 6 scrolls of blinking
 A - 4 scrolls of enchant weapon
 N - 4 scrolls of silence
 W - 2 scrolls of immolation
 X - a scroll of fear
Potions
 a - 3 potions of haste
 e - 2 potions of stabbing
 i - 9 potions of curing
 k - 2 potions of magic
 m - 3 potions of cancellation
 u - 4 potions of ambrosia
 z - a potion of mutation
 C - a potion of resistance
 R - 3 potions of heal wounds
 U - 2 potions of flight
 V - a potion of invisibility
 Y - a potion of might
Miscellaneous
 b - a phantom mirror
 P - a tin of tremorstones (3/3)


   Skills:
 * Level 19.7 Fighting
 * Level 22.5 Axes
 * Level 18.1 Armour
 * Level 13.1 Dodging
 + Level 1.7 Stealth
   Level 2.5 Shields
 + Level 1.6 Evocations


You had 17 spell levels left.
You didn't know any spells.
Your spell library was empty.

Dungeon Overview and Level Annotations

Branches:
Dungeon (15/15)            Temple (0/1) D:4            Lair (6/6) D:9
  Swamp (0/4) Lair:3       Spider (2/4) Lair:2        Slime (0/5) Lair:5
    Orc (2/2) D:12            Elf (3/3) Orc:2        Vaults (0/5) D:13
 Depths (0/5) D:15         Bailey (visited)           IceCv (visited)

Altars:
Cheibriados
Elyvilon
Fedhas
Gozag
Makhleb
Nemelex Xobeh
Okawaru
Ru
Vehumet
Wu Jian
Yredelemnul
Zin
The Shining One
Beogh

Shops:
D:12 **   D:15 =   Orc:2 ([[:   Elf:1 !=*(?   Elf:3 (

Annotations:
Elf:1 155 ring


Innate Abilities, Weirdness & Mutations

You reflexively headbutt those who attack you in melee.
You have a pair of horns on your head.


Message History

The orb spider pulsates with a strange energy.
You slice Arachne!! You burn Arachne.
You kill Arachne!
Trog accepts your kill.
Trog appreciates your killing of a magic user.
Unknown command.
The orb spider weaves a glowing orb of energy.
An orb of destruction comes into view.
You feel a strong urge to attack something.
You are no longer berserk.
You are exhausted.
You feel yourself slow down.
You feel sick.
You are no longer poisoned.
The orb spider spins a strand of pure energy.
The orb spider weaves a glowing orb of energy.
An orb of destruction comes into view.
The orb spider begins to weave its threads into a brightly glowing ball.
The orb of destruction hits you!!!
You die...

..≈#.......................†.
.............................
...........†...........#.#...
.........†.†............#.###
....#...........†.........###
......○*..................#.#
......○.....................#
.....○^.s..................##
.....☼..(○☼☼@.............##
....°...........#........##
.....°......≈#.#≈....#...#
.....○○....≈s##≈#≈≈#..#.##
.......°°.°.###≈≈≈####.##
.........†>|.##≈≈## ###
.........†..##≈###
≈#≈..#...#..≈#≈≈#
##>.#.#.≈....#≈#


You could see 2 orb spiders.

Vanquished Creatures
  Arachne (Spider:2)
  2 deep elf blademasters
  Agnes (Elf:2)
  Frances (D:14)
  2 deep elf sorcerers (Elf:3)
  An emperor scorpion (Spider:2)
  An orc warlord (Orc:2)
  2 deep elf elementalists (Elf:3)
  An entropy weaver (Spider:2)
  An ironheart preserver (D:13)
  A stone giant (Orc:2)
  4 deep elf demonologists (Elf:3)
  2 deep elf annihilators (Elf:3)
  A dire elephant (D:15)
  Snorg (D:14)
  5 deep elf death magi
  3 deep elf high priests (Elf:3)
  9 hydras
  Harold (D:8)
  3 boulder beetles
  The ghost of jiml777 the Thaumaturge, a journeyman DEAE of Sif Muna (D:12)
  Erica (Lair:1)
  2 catoblepae (Lair:6)
  A death knight (D:13)
  5 centaur warriors
  31 dancing weapons
  7 two-headed ogres
  A death yak (Lair:6)
  A tengu warrior (D:14)
  3 orc high priests
  21 deep elf knights
  2 skeletal warriors (D:14)
  3 unseen horrors
  A wizard (D:14)
  An obsidian statue (D:13)
  15 deep elf archers
  3 necromancers
  2 wolf spider zombies (D:14)
  2 lindwurms (Lair:6)
  2 orc knights (Orc:2)
  9 ugly things
  55 deep elf magi
  An oklob plant (Lair:3)
  3 orc sorcerers
  An orb spider (Spider:1)
  A salamander (D:15)
  9 wolf spiders
  A cyclops (D:12)
  A manticore (D:10)
  6 elephants (Lair:5)
  A moth of wrath (Spider:1)
  3 ice statues (IceCv)
  Maurice (D:11)
  6 black mambas
  A torpor snail (Lair:6)
  14 cane toads
  3 rime drakes
  A gargoyle (D:12)
  5 demonic crawlers
  13 komodo dragons
  9 ice devils (IceCv)
  5 trolls
  20 jumping spiders
  8 polar bears
  A merfolk (D:15)
  A queen bee (D:8)
  3 hornets
  A hornet (shapeshifter) (D:13)
  A jumping spider (shapeshifter) (D:13)
  3 large abominations (Elf:1)
  7 blink frogs (Lair:4)
  12 dream sheep
  A meliai zombie (D:14)
  Sigmund (D:7)
  3 water elementals
  23 redbacks
  3 wraiths
  A shadow (D:12)
  5 tarantellas
  11 spriggans (Lair:6)
  10 wyverns
  An air elemental (Elf:2)
  A vampire (D:12)
  Grum (Lair:1)
  3 fire elementals (Elf:2)
  9 basilisks
  35 yaks
  A steam dragon (D:10)
  11 vampire mosquitoes
  6 wargs (Orc:2)
  Edmund (D:7)
  An acid dragon (D:12)
  14 water moccasins
  A hornet zombie (D:14)
  8 ice beasts
  54 orc warriors
  A swamp drake (D:9)
  3 sky beasts (D:6)
  5 eyes of draining
  4 phantoms
  7 black bears
  A necrophage (D:5)
  11 ogres
  5 boggarts (Lair:6)
  24 wolves
  22 centaurs
  2 big kobolds
  4 elf zombies (Elf:1)
  22 bullfrogs
  2 wyvern zombies
  A gnoll sergeant (D:9)
  5 earth elementals
  5 scorpions
  16 killer bees
  20 wights
  5 howler monkeys
  4 electric eels
  2 draconian simulacra (IceCv)
  5 centaur zombies
  3 bullfrog zombies
  A quasit (D:8)
  3 centaur skeletons
  9 hounds
  3 jellies
  22 orc priests
  2 bullfrog skeletons
  3 gnoll shamans (D:3)
  9 iguanas
  14 worker ants
  Ijyb (D:4)
  8 hell rats
  27 orc wizards
  3 troll simulacra (IceCv)
  A centaur simulacrum (IceCv)
  A hound zombie (D:7)
  3 hound skeletons
  2 mummies (D:14)
  40 gnolls
  4 naga simulacra (IceCv)
  12 adders
  2 shadow imps
  3 white imps
  4 ufetubi
  An ooze (D:2)
  An adder zombie (D:6)
  A worm (D:3)
  4 dart slugs
  A leopard gecko (D:3)
  140 orcs
  2 bats
  4 giant cockroaches
  9 goblins
  6 hobgoblins
  20 jackals (D:3)
  24 kobolds
  2 quokkas (D:7)
  4 frilled lizards
  A jackal zombie (D:6)
  A quokka skeleton (D:4)
  5 rats
  3 crawling corpses
1144 creatures vanquished.

Vanquished Creatures (collateral kills)
  2 deep elf sorcerers (Elf:3)
  A deep elf annihilator (Elf:3)
  Fannar (Orc:1)
  A two-headed ogre (D:11)
  3 dancing weapons
  4 deep elf archers
  An orc knight (Orc:1)
  A necromancer (Elf:1)
  An orc sorcerer (Orc:1)
  3 deep elf magi
  An ugly thing (D:11)
  3 slime creatures (D:12)
  2 large abominations (Elf:1)
  An air elemental (Elf:2)
  A wraith (D:12)
  4 orc warriors (Orc:1)
  2 big kobolds (D:11)
  2 howler monkeys (D:12)
  4 orc priests
  4 orc wizards
  7 orcs
  4 goblins (Orc:1)
  10 kobolds (D:11)
63 creatures vanquished.

Vanquished Creatures (others)
  A deep elf demonologist (Elf:3)
  A dancing weapon (Elf:1)
  A jumping spider (Spider:2)
  A crawling corpse (Elf:3)
  16 fungi
  50 plants
  2 withered plants (D:14)
72 creatures vanquished.

Grand Total: 1279 creatures vanquished

Notes
Turn   | Place    | Note
-------+----------+-------------------------------------------
     0 | D:1      | robertstho the Minotaur Berserker began the quest for the
                  | Orb.
     0 | D:1      | Reached XP level 1. HP: 19/19 MP: 0/0
    72 | D:1      | Reached XP level 2. HP: 23/27 MP: 1/1
   249 | D:1      | Reached skill level 4 in Axes
   792 | D:1      | Reached XP level 3. HP: 20/33 MP: 2/2
  1339 | D:2      | Reached skill level 5 in Axes
  1340 | D:2      | Reached XP level 4. HP: 41/41 MP: 3/3
  1347 | D:2      | Reached ** piety under Trog
  2327 | D:3      | Reached XP level 5. HP: 45/47 MP: 4/4
  2508 | D:3      | Reached skill level 6 in Axes
  2512 | D:3      | Reached *** piety under Trog
  2514 | D:3      | Reached skill level 5 in Fighting
  2518 | D:3      | Reached XP level 6. HP: 32/56 MP: 5/5
  2801 | D:3      | Reached skill level 7 in Axes
  2802 | D:3      | Reached XP level 7. HP: 54/61 MP: 6/6
  3367 | D:4      | Found a burning altar of Makhleb.
  3447 | D:4      | Found a sparkling altar of Nemelex Xobeh.
  3448 | D:4      | Found a white marble altar of Elyvilon.
  3452 | D:4      | Found a glowing golden altar of the Shining One.
  3604 | D:4      | Noticed Ijyb
  3610 | D:4      | Killed Ijyb
  3741 | D:4      | Reached skill level 8 in Axes
  4081 | D:4      | Found a staircase to the Ecumenical Temple.
  4222 | D:5      | Entered Level 5 of the Dungeon
  4283 | D:5      | Reached skill level 5 in Armour
  4283 | D:5      | Reached XP level 8. HP: 17/70 MP: 7/7
  4301 | D:5      | Found a radiant altar of Vehumet.
  4915 | D:5      | Found a sacrificial altar of Ru.
  5594 | D:6      | Reached skill level 1 in Stealth
  5680 | D:6      | Reached skill level 9 in Axes
  6030 | D:6      | Reached skill level 5 in Dodging
  6402 | D:6      | Reached XP level 9. HP: 72/78 MP: 8/8
  6641 | D:7      | Reached **** piety under Trog
  6775 | D:7      | Reached skill level 10 in Axes
  6821 | D:7      | Noticed Edmund
  6832 | D:7      | Killed Edmund
  6862 | D:7      | Noticed Sigmund
  6887 | D:7      | Killed Sigmund
  7258 | D:7      | Reached skill level 11 in Axes
  7281 | D:7      | Found a basalt altar of Yredelemnul.
  7281 | D:7      | Found a glowing silver altar of Zin.
  7286 | D:7      | Found a faded altar of an unknown god.
  7288 | D:7      | Found an ornate altar of the Wu Jian Council.
  7290 | D:7      | Found a snail-covered altar of Cheibriados.
  8042 | D:8      | Reached ***** piety under Trog
  8042 | D:8      | Reached XP level 10. HP: 86/86 MP: 9/9
  8047 | D:8      | Noticed a two-headed ogre
  8060 | D:8      | Reached skill level 10 in Armour
  8063 | D:8      | Killed a two-headed ogre
  8658 | D:8      | Noticed Harold
  8674 | D:8      | Killed Harold
  8674 | D:8      | Reached skill level 12 in Axes
  9093 | D:9      | Noticed a two-headed ogre
  9100 | D:9      | Killed a two-headed ogre
  9542 | D:9      | Reached XP level 11. HP: 96/97 MP: 10/10
  9595 | D:9      | Found a staircase to the Lair.
  9793 | D:9      | Reached skill level 13 in Axes
  9970 | D:9      | Noticed a white ugly thing
  9971 | D:9      | Noticed a two-headed ogre
  9981 | D:9      | Killed a two-headed ogre
  9983 | D:9      | Killed a white ugly thing
  9983 | D:9      | Received a gift from Trog
 10548 | D:10     | Entered Level 10 of the Dungeon
 11721 | D:11     | Noticed Maurice
 11732 | D:11     | Killed Maurice
 11732 | D:11     | Reached skill level 10 in Fighting
 11813 | D:11     | Reached skill level 14 in Axes
 11948 | D:11     | Noticed a cyan ugly thing
 11959 | D:11     | Killed a cyan ugly thing
 11971 | D:11     | Noticed a two-headed ogre
 11975 | D:11     | Noticed a purple ugly thing
 11991 | D:11     | Killed a two-headed ogre
 11994 | D:11     | Killed a purple ugly thing
 12753 | D:12     | Noticed a boulder beetle
 12766 | D:12     | Killed a boulder beetle
 13145 | D:12     | Reached XP level 12. HP: 88/107 MP: 3/11
 13226 | D:12     | Found an opulent altar of Gozag.
 13385 | D:12     | Received a gift from Trog
 13448 | D:12     | Found a runed translucent gate.
 13448 | D:12     | Noticed jiml777's ghost (journeyman DEAE)
 13449 | D:12     | Found a runed translucent gate.
 13449 | D:12     | Noticed a centaur warrior
 13450 | D:12     | Found an opulent altar of Gozag.
 13451 | D:12     | Found a runed translucent gate.
 13638 | D:12     | Found Kesoul's Assorted Antiques.
 13639 | D:12     | Found Qekhlyssu's Assorted Antiques.
 13768 | D:12     | Found a staircase to the Orcish Mines.
 13921 | D:12     | Reached skill level 15 in Axes
 14820 | D:12     | Received a gift from Trog
 14823 | D:12     | Killed a centaur warrior
 14830 | D:12     | Killed jiml777's ghost
 14852 | D:12     | Bought a scroll labeled QOABBULEFA for 31 gold pieces
 14852 | D:12     | Bought a scroll labeled ZOENAU GYFILOUROF for 31 gold
                  | pieces
 14852 | D:12     | Bought a scroll labeled ZOFIQ RESTON for 31 gold pieces
 14856 | D:12     | Bought a scroll labeled QOABBULEFA for 33 gold pieces
 14856 | D:12     | Bought a jade-encrusted plate armour for 924 gold pieces
 14856 | D:12     | Bought a sapphire potion for 29 gold pieces
 14866 | D:12     | Identified the +10 plate armour of a Gauntlet {Rampage
                  | rN+++ MR- Str-2} (You bought it in a shop on level 12 of
                  | the Dungeon)
 15063 | D:13     | Noticed a two-headed ogre
 15067 | D:13     | Killed a two-headed ogre
 15240 | D:13     | Noticed a centaur warrior
 15250 | D:13     | Killed a centaur warrior
 15250 | D:13     | Reached skill level 16 in Axes
 15731 | D:13     | Noticed a centaur warrior
 15741 | D:13     | Killed a centaur warrior
 15797 | D:13     | Found a gate to the Vaults.
 15797 | D:13     | Noticed an ironheart preserver
 15797 | D:13     | Noticed a death knight
 15806 | D:13     | Killed an ironheart preserver
 15806 | D:13     | Reached XP level 13. HP: 103/118 MP: 4/12
 16240 | D:14     | Noticed Frances
 16253 | D:14     | Killed Frances
 16630 | D:14     | Reached skill level 17 in Axes
 16838 | D:14     | Noticed Snorg
 16858 | D:14     | Killed Snorg
 17234 | D:14     | Found a blossoming altar of Fedhas.
 17508 | D:15     | Entered Level 15 of the Dungeon
 17572 | Orc:1    | Entered Level 1 of the Orcish Mines
 17572 | Orc:1    | Noticed Fannar
 17576 | Orc:1    | Killed Fannar
 17592 | Orc:1    | Paralysed by an orc sorcerer for 7 turns
 17701 | Orc:1    | Found a flagged portal.
 17711 | Bailey   | Entered a bailey
 18004 | Bailey   | Received a gift from Trog
 18007 | Bailey   | Got a steaming battleaxe {god gift}
 18007 | Bailey   | Identified the +10 battleaxe of the Scroll {vorpal, Stlth+}
                  | (Trog gifted it to you in a bailey)
 18914 | Orc:2    | Entered Level 2 of the Orcish Mines
 18971 | Orc:2    | Noticed a stone giant
 18985 | Orc:2    | Killed a stone giant
 18985 | Orc:2    | Reached skill level 18 in Axes
 19529 | Orc:2    | Found a staircase to the Elven Halls.
 19563 | Orc:2    | Reached ****** piety under Trog
 19567 | Orc:2    | Found a roughly hewn altar of Beogh.
 19578 | Orc:2    | Received a gift from Trog
 19583 | Orc:2    | Got a bloodstained battleaxe {god gift}
 19583 | Orc:2    | Identified the +1 battleaxe of Trog's Brutal Revenge
                  | {flame, rPois rC+} (Trog gifted it to you on level 2 of the
                  | Orcish Mines)
 19585 | Orc:2    | Found Noegeato's Book Boutique.
 19650 | Orc:2    | Noticed an orc warlord
 19666 | Orc:2    | Killed an orc warlord
 19666 | Orc:2    | Reached XP level 14. HP: 129/129 MP: 13/13
 19684 | Orc:2    | Found Adyvaff's Antique Weapon Boutique.
 19684 | Orc:2    | Found a roughly hewn altar of Beogh.
 19686 | Orc:2    | Found Agecemol's Antique Armour Shop.
 19970 | Orc:2    | Found a roughly hewn altar of Beogh.
 20389 | Orc:2    | Found a roughly hewn altar of Beogh.
 20399 | Orc:2    | Found Jysm's Antique Armour Boutique.
 20407 | Orc:2    | Bought a blackened plate armour for 1092 gold pieces
 20417 | Orc:2    | Identified the +7 plate armour of Integrity {rF- rC- rN++
                  | Dex+8} (You bought it in a shop on level 2 of the Orcish
                  | Mines)
 20466 | Orc:2    | Found a roughly hewn altar of Beogh.
 20636 | Elf:1    | Entered Level 1 of the Elven Halls
 20637 | Elf:1    | Found Dusesh Qoiza's Distillery.
 20748 | Elf:1    | Bought a potion of haste for 130 gold pieces
 20749 | Elf:1    | Reached skill level 10 in Dodging
 20749 | Elf:1    | Reached skill level 1 in Evocations
 20749 | Elf:1    | Reached XP level 15. HP: 137/137 MP: 14/14
 20775 | Elf:1    | Reached skill level 19 in Axes
 21098 | Elf:1    | Found Mits's Magic Scroll Shoppe.
 21399 | Elf:1    | Received a gift from Trog
 21430 | Elf:1    | Found Qessoac's Assorted Antiques.
 21444 | Elf:1    | Reached skill level 15 in Armour
 22065 | Elf:1    | Found Fabuh's Weapon Shop.
 22110 | Elf:1    | Found Nizerot's Jewellery Emporium.
 22652 | Elf:2    | Reached skill level 20 in Axes
 22830 | Elf:2    | Received a gift from Trog
 23054 | Elf:2    | Reached skill level 15 in Fighting
 23075 | Elf:2    | Reached XP level 16. HP: 26/149 MP: 15/15
 23912 | Elf:2    | Found a huge runed translucent gate.
 23912 | Elf:2    | Found a huge runed translucent gate.
 23913 | Elf:2    | Found a huge runed translucent gate.
 23914 | Elf:2    | Found a huge runed translucent gate.
 23918 | Elf:2    | Found a huge runed translucent gate.
 24556 | Elf:2    | Noticed Agnes
 24568 | Elf:2    | Killed Agnes
 24568 | Elf:2    | Received a gift from Trog
 24818 | Elf:3    | Entered Level 3 of the Elven Halls
 24819 | Elf:3    | Found Gar Dihe's Antique Weapon Boutique.
 24937 | Elf:3    | Noticed a deep elf blademaster
 24953 | Elf:3    | Killed a deep elf blademaster
 25276 | Elf:3    | Reached skill level 21 in Axes
 25929 | Elf:3    | Received a gift from Trog
 25945 | Elf:3    | Cast into level 3 of the Abyss (a deep elf demonologist)
 25963 | Elf:3    | Escaped the Abyss
 25964 | Elf:3    | Noticed a Tzitzimitl
 25985 | Elf:3    | Identified the +6 great sword of Amorality {vorpal, rC+}
 25987 | Elf:3    | Noticed a Tzitzimitl
 25999 | Elf:3    | HP: 7/155 [blizzard demon/the air[a deep elf demonologist]
                  | (17)]
 26378 | Elf:3    | Noticed an Executioner
 26378 | Elf:3    | Reached XP level 17. HP: 140/161 MP: 16/16
 26379 | Elf:3    | Noticed an Ice Fiend
 26384 | Elf:3    | Noticed a Hell Sentinel
 27418 | Elf:3    | Noticed a Hell Sentinel
 27431 | Elf:3    | Noticed a Brimstone Fiend
 27717 | Elf:3    | Identified the ring "Tumoinn" {rElec rPois Int+4 SInv}
 27733 | Elf:3    | Noticed a deep elf master archer
 27734 | Elf:3    | Noticed a deep elf blademaster
 27737 | Elf:3    | Noticed a deep elf blademaster
 27772 | Elf:2    | Killed a deep elf blademaster
 28408 | Lair:1   | Entered Level 1 of the Lair of Beasts
 28583 | Lair:1   | Noticed Erica
 28589 | Lair:1   | Killed Erica
 28695 | Lair:1   | Got a scorched pewter ring
 28728 | Lair:1   | Noticed Grum
 28737 | Lair:1   | Killed Grum
 28741 | Lair:1   | Identified the ring "Keplo" {rC+++ MP+9 Str-4 Int+6 Dex-5}
                  | (You found it on level 1 of the Lair of Beasts)
 29546 | Lair:2   | Found a hole to the Spider Nest.
 29717 | Lair:2   | You fall into a shaft and drop 1 floor!
 29823 | Lair:3   | Found a staircase to the Swamp.
 30148 | Lair:3   | Found an iron altar of Okawaru.
 30782 | Lair:4   | Received a gift from Trog
 31535 | Lair:5   | Got a transparent ivory ring
 31536 | Lair:5   | Identified the ring of Teleid Fouch {+Fly rPois rC+ Str-3
                  | Int+2} (You found it on level 5 of the Lair of Beasts)
 31615 | Lair:5   | Found a frozen archway.
 31619 | Lair:5   | Reached skill level 1 in Shields
 31626 | IceCv    | Entered an ice cave
 31981 | IceCv    | Got a translucent plate armour
 32003 | IceCv    | Identified the +7 plate armour "Guute" {rCorr Dex+3} (You
                  | found it in an ice cave)
 32561 | Lair:5   | Found a staircase to the Slime Pits.
 32744 | Lair:6   | Entered Level 6 of the Lair of Beasts
 33263 | Lair:6   | Received a gift from Trog
 33274 | Lair:6   | Reached skill level 22 in Axes
 33517 | Lair:6   | Reached XP level 18. HP: 174/174 MP: 17/17
 33626 | Lair:6   | Identified a scroll of acquirement
 33629 | Lair:6   | Acquired 692 gold pieces
 34725 | D:15     | Received a gift from Trog
 35296 | D:15     | Found a staircase to the Depths.
 35387 | D:15     | Found Nuqaghy's Jewellery Shoppe.
 35669 | Spider:1 | Entered Level 1 of the Spider Nest
 36524 | Spider:2 | Identified the ring of Uppamn {+Inv MR+ Stlth+} (You found
                  | it on level 2 of the Spider Nest)
 36853 | Spider:2 | Received a gift from Trog
 36973 | Spider:2 | Noticed Arachne
 36995 | Spider:2 | Killed Arachne
 37000 | Spider:2 | Blown up by an orb spider

Illustrated notes

Levels and vault maps discovered:
D:1:      wander_arrival_fairy_ring, layout_basic,
          chequers_serial_rivers_large_b
D:2:      minmay_wonky_spiral, layout_loops_ring
D:3:      lemuel_castle_with_subvaults [lemuel_castle_interior_carwin_2],
          layout_loops_ring
D:4:      layout_basic, makhleb_blood_cavern_becter,
          gammafunk_temple_overflow_forgotten, minmay_temple_entry_purple_smoke,
          minmay_misc_feat_rugged, uniq_ijyb
D:5:      layout_layer_cave, kennysheep_mini_moat, basic_altar,
          lemuel_old_faithful
D:6:      layout_rooms
D:7:      layout_cave_pools, chequers_temple_overflow_minitemple, serial_glass,
          glass_columns_b, glass_columns_c, sigmund_edmund_badplayer
D:8:      layout_cave_pods, nicolae_looking_at_the_future, uniq_harold
D:9:      layout_roguey, erik_lair_dragon
D:10:     layout_loops_ring
D:11:     layout_gridville, uniq_maurice
D:12:     layout_grid_maze, hiddenorc2_lemuel, basic_altar, ebering_ghost_gozag,
          hex_tiny
D:13:     layout_irregular_city, skrybe_vaults_entry_preservation, minivault_16
D:14:     layout_small_grid, basic_altar, serial_undead, serial_undead_f,
          serial_undead_c, serial_undead_c, serial_undead_e, serial_undead_f,
          uniq_snorg, uniq_frances
D:15:     hangedman_depths_entry_try_elsewhere_first, layout_rooms,
          serial_shops, nicolae_shop_trees
Lair:1:   beast_lair_carwin_large_2, layout_regular_city, serial_bayou_crossing,
          lemuel_fruit_tree, uniq_grum, uniq_erica
Lair:2:   layout_regular_city, spider_nest_entry_web_field, st_stairs_11
Lair:3:   layout_loops_ring, swamp_mist, special_room, lemuel_oklob_altar
Lair:4:   layout_layer_cave
Lair:5:   layout_cave_pods, slime_dummy, portal_ice_cave_entry_pillars_2,
          grunt_megastairs_5
Lair:6:   minmay_lair_end_enchanted_forest, layout_hall_layers,
          lemuel_fruit_fields
Spider:1: layout_spider_delve
Spider:2: layout_spider_delve, uniq_arachne
Orc:1:    layout_caves, enter_bailey_3, abandoned_shop, uniq_fannar
Orc:2:    grunt_orc_community_town_hall, layout_caves,
          grunt_orc_community_big_house_2, grunt_orc_community_big_house_2,
          grunt_orc_community_house_3, grunt_orc_community_house_2,
          grunt_orc_community_house_2, grunt_orc_community_house_3,
          grunt_orc_community_house_2
Elf:1:    layout_geoelf_octagon, serial_shops, shop, nicolae_shop_waterfront,
          shop, shop, nicolae_shop_waterfront, minmay_elf_necromancy,
          grunt_ministairs_12, st_stairs_8, drop_trap
Elf:2:    layout_loops_corners, grunt_megastairs_1, uniq_agnes
Elf:3:    minmay_elf_hall_hex, layout_gridlike, serial_shops,
          nicolae_shop_waterfront, guppyfry_elf_castle

Skill      XL: |  1  2  3  4  5  6  7  8  9 10 11 12 13 14 15 16 17 18 |
---------------+-------------------------------------------------------+-----
Fighting       | 4 5 6 7 9 10 12 13 15 17 18 19 | 19.7
Axes           | 4 5 6 7 8 9 11 12 14 16 18 20 21 22 | 22.5
Dodging        | 3 4 5 6 7 8 9 10 11 12 13 | 13.1
Armour         | 3 5 7 9 11 12 13 14 15 16 17 18 | 18.1
Stealth        | 1 |  1.7
Evocations     | 1 |  1.6
Shields        | 1 2 |  2.5

Action                   |  1- 3 |  4- 6 |  7- 9 | 10-12 | 13-15 | 16-18 || total
-------------------------+-------+-------+-------+-------+-------+-------++-------
Melee: Hand axe          |    69 |   124 |   372 |   183 |       |       ||   748
       Headbutt          |     9 |    23 |    71 |   115 |   125 |   250 ||   593
       Battleaxe         |       |       |       |   369 |   696 |  1182 ||  2247
Invok: Berserk           |     1 |     2 |    11 |    11 |    10 |    12 ||    47
       Trog's Hand       |       |       |     3 |     1 |     3 |     4 ||    11
       Brothers in Arms  |       |       |       |     3 |     4 |     6 ||    13
Evoke: Wand              |       |       |       |       |     7 |     4 ||    11
       Phantom mirror    |       |       |       |       |       |     1 ||     1
       Tin of tremorston |       |       |       |       |       |     1 ||     1
  Use: Scroll            |       |       |       |    22 |     6 |    14 ||    42
       Potion            |       |       |       |     1 |     5 |     6 ||    12
 Stab: Distracted        |       |       |       |       |     1 |       ||     1
       Petrified         |       |       |       |       |       |     5 ||     5
Armor: Animal skin       |     6 |    15 |       |       |       |       ||    21
       Plate armour      |       |    40 |   228 |   288 |   433 |   715 ||  1704
       Skin              |       |       |       |    21 |       |       ||    21
Dodge: Dodged            |    36 |    73 |   130 |   261 |   308 |   531 ||  1339
Block: Other             |       |       |       |       |       |   128 ||   128
       Reflection        |       |       |       |       |       |     1 ||     1

Table legend: (Time is in decaauts)
 A = Elapsed time spent in this place.
 B = Non-inter-level travel time spent in this place.
 C = Inter-level travel time spent in this place.
 D = Time resting spent in this place.
 E = Time spent auto-exploring this place.
 F = Levels seen in this place.
 G = Mean time per level.
                   A        B        C        D        E       F      G
               +--------+--------+--------+--------+--------+-----+--------+
         Total |  36997 |  35253 |   1744 |   2855 |  26165 |  31 | 1193.5 |
       Dungeon |  19059 |  17963 |   1096 |    645 |  14548 |  15 | 1270.6 |
          Lair |   5507 |   5208 |    299 |      0 |   4327 |   6 |  917.8 |
   Spider Nest |   1285 |   1277 |      8 |      2 |   1029 |   2 |  642.5 |
  Orcish Mines |   2293 |   2157 |    136 |      0 |   1579 |   2 | 1146.5 |
   Elven Halls |   7622 |   7419 |    203 |   2193 |   4107 |   3 | 2540.7 |
         Abyss |     17 |     17 |      0 |      0 |      0 |   1 |   17.0 |
        Bailey |    809 |    809 |      0 |     14 |    336 |   1 |  809.0 |
      Ice Cave |    401 |    401 |      0 |      0 |    236 |   1 |  401.0 |
               +--------+--------+--------+--------+--------+-----+--------+

Top non-repeatable levels by time:
   Elf:2: 4205 daAuts
   Elf:1: 1991 daAuts
    D:12: 1937 daAuts
   Orc:2: 1737 daAuts
     D:9: 1664 daAuts
     D:8: 1542 daAuts
  Lair:6: 1510 daAuts
    D:11: 1499 daAuts
     D:3: 1460 daAuts
   Elf:3: 1425 daAuts
    D:13: 1395 daAuts
     D:5: 1348 daAuts
    D:14: 1326 daAuts
    D:10: 1221 daAuts
  Lair:1: 1064 daAuts
